Match 38874061
Unlisted

Match 38874061
End
Royal Engineer Section
Selects Australian Defense Battlegroup
Selects Australian Light Infantry Section
Australian Light Infantry Section
Australian Light Infantry Section
Construct Section Command Post
Infantry Section
Construct Field Infirmary
Construct Platoon Command Post
Selects 2-pounder Anti-tank Gun Team
Humber Armored Car
Humber Armored Car
6-pounder Anti-tank Gun Team
Grenade Package
Selects CMP 15cwt Supply Run
2-pounder Anti-tank Gun Team
Selects Reinforced Resource Caches
Selects Charged Creeping Barrage
Construct Company Command Post
Vickers Machine Gun Team
Vickers Machine Gun Team
Australian Light Infantry Section
Selects Hold the Line!
Infantry Section
BIOHAZARD
Tomsch
0
0

Comments sign in to comment!

No comments posted yet!